 Dungeon Crawl Stone Soup version 0.28-a0-477-g0b43c73ce0 (webtiles) character file.

Game seed: 8619080557015258341

277 Gaball the Chopper (level 6, 0/51 HPs)
             Began as a Palentonga Fighter on Sept 17, 2021.
             Was a Priest of Uskayaw.
             Slain by an orc (1 damage)
             ... on level 4 of the Dungeon.
             The game lasted 00:04:28 (3144 turns).

Gaball the Chopper (Palentonga Fighter)             Turns: 3144, Time: 00:04:28

Health: 0/51       AC:  8    Str: 19    XL:     6   Next: 4%
Magic:  6/6        EV:  5    Int: 15    God:    Uskayaw [***...]
Gold:   153        SH:  0    Dex: 11    Spells: 5/5 levels left

rFire   . . .      SeeInvis +   a - +0 war axe
rCold   . . .      Faith    .   c - +0 buckler
rNeg    . . .      Spirit   .   i - +0 chain mail
rPois   .          Reflect  .   (no helmet)
rElec   .          Harm     .   s - +0 cloak
rCorr   .          Rampage  .   (no gloves)
Will    .....                   (no barding)
Stlth   ..........              (no amulet)
HPRegen 0.17/turn               k - +6 ring of intelligence
MPRegen 0.10/turn               (no ring)

@: confused
A: large, rugged brown scales 3, see invisible, deformed body, roll 1, armoured
tail
a: Rolling Charge, Renounce Religion, Stomp, Line Pass


You were on level 4 of the Dungeon.
You worshipped Uskayaw.
Uskayaw was noncommittal.
You visited 1 branch of the dungeon, and saw 4 of its levels.

You collected 153 gold pieces.

Inventory:

Hand Weapons
 a - a +0 war axe (weapon)
Armour
 b - a +0 scale mail
 c - a +0 buckler (worn)
 i - a +0 chain mail (worn)
 s - a +0 cloak (worn)
Jewellery
 k - a +6 ring of intelligence (left hand)
Wands
 o - a wand of paralysis (7)
 u - a wand of polymorph (5)
Scrolls
 f - a scroll of magic mapping {unknown}
 h - 2 scrolls of teleportation {unknown}
 l - a scroll of fear {unknown}
 m - a scroll of silence {unknown}
 n - a scroll of enchant weapon {unknown}
 p - a scroll of fog {unknown}
 r - a scroll of enchant armour {unknown}
 t - a scroll of identify {unknown}
Potions
 d - a potion of might
 e - 2 potions of berserk rage {unknown}
 g - 2 potions of degeneration {unknown}
 j - 2 potions of flight {unknown}
 q - a potion of heal wounds {unknown}


   Skills:
 + Level 4.2 Fighting
 * Level 4.7 Axes
 - Level 2.4 Armour
 + Level 3.5 Shields


You had 5 spell levels left.
You didn't know any spells.
Your spell library contained the following spells:

 Spells                   Type           Power      Damage    Failure   Level
 Magic Dart               Conj           0%         1d3       97%         1
 Searing Ray              Conj           0%         2d4       99%         2
 Fulminant Prism          Conj/Hex       0%         3d6       100%        4


Dungeon Overview and Level Annotations

Branches:
Dungeon (4/15)
 Temple: D:4-7

Altars:
Nemelex Xobeh
Okawaru
Uskayaw


Innate Abilities, Weirdness & Mutations

You are completely covered in rugged brown scales. (AC +3, +7% HP)
You have supernaturally acute eyesight. (SInv)
Armour fits poorly on your strangely shaped body.
You can roll at nearby foes to attack.
You have a long armoured tail.


Message History

You hit the orc but do no damage.
The orc wizard hits you but does no damage.
The orc hits you with a +0 club.
* * * LOW HITPOINT WARNING * * *
The orc wizard casts a spell at you.
You are more confused.
You closely miss the orc wizard.
The orc wizard is severely wounded.
You closely miss the orc. The orc barely misses you.
The orc wizard hits you but does no damage.
Unknown command.
You bump into the stone wall.
The orc hits you but does no damage.
The orc wizard hits you with a +0 dagger.
* * * LOW HITPOINT WARNING * * *
Unknown command.
You bump into the rock wall.
The orc hits you with a +0 club.
* * * LOW HITPOINT WARNING * * *
The orc wizard casts a spell at you.
You are more confused.
Unknown command.
You hit the orc wizard. You tail-slap the orc wizard.
You kill the orc wizard!
You barely miss the orc. The orc hits you but does no damage.
The orc barely misses you.
Uskayaw will force your foes to share their pain.
You have reached level 6!
Your experience leads to an increase in your attributes!
Your base attributes are Str 19, Int 9, Dex 10.
Increase (S)trength, (I)ntelligence, or (D)exterity?
You feel agile.
You bump into the rock wall.
The orc hits you with a +0 club.
* * * LOW HITPOINT WARNING * * *
A giant cockroach comes into view.
Uskayaw prepares the audience for your solo!
You bump into the stone wall.
The orc is no longer paralysed.
The giant cockroach is no longer paralysed.
The orc hits you with a +0 club.
* * * LOW HITPOINT WARNING * * *
You bump into the closed door.
The orc hits you with a +0 club.
You die...

#.....[.... #..#####...
... #..# #....... ..
#..# #......# .. #..#
#.....# .#### #..#
#....# ...... #..#
##..## #....## #..#
#....## #+..#....
########..#..###@...B...
..))........?.#.o.......
#######...##..).##.#####
# #.......)........ #
#...............# .
#.>##............. #
#..##.?.#....##### #
#..##...####.# .
.......... .#


You could see an orc and a giant cockroach.

Vanquished Creatures
  A necrophage (D:3)
  2 orc priests (D:4)
  2 orc wizards (D:4)
  An adder (D:3)
  2 worms
  2 dart slugs (D:3)
  5 orcs
  8 ball pythons
  4 endoplasms
  5 goblins
  5 hobgoblins
  2 jackals (D:1)
  3 kobolds
  2 quokkas (D:1)
  10 bats
  2 frilled lizards
  A rat (D:3)
57 creatures vanquished.

Notes
Turn   | Place    | Note
-------+----------+-------------------------------------------
     0 | D:1      | Gaball the Palentonga Fighter began the quest for the Orb.
     0 | D:1      | Reached XP level 1. HP: 19/19 MP: 1/1
    98 | D:1      | Reached XP level 2. HP: 22/25 MP: 2/2
   692 | D:1      | Reached XP level 3. HP: 31/31 MP: 3/3
  1819 | D:3      | Noticed a necrophage
  1831 | D:3      | Killed a necrophage
  1832 | D:3      | Reached XP level 4. HP: 35/39 MP: 4/4
  1921 | D:3      | Found an iron altar of Okawaru.
  1927 | D:3      | Found a hide-covered altar of Uskayaw.
  1931 | D:3      | Found a sparkling altar of Nemelex Xobeh.
  2023 | D:3      | Became a worshipper of Uskayaw the Reveller
  2073 | D:3      | Reached XP level 5. HP: 43/44 MP: 5/5
  2076 | D:3      | Reached * piety under Uskayaw
  2996 | D:4      | Reached ** piety under Uskayaw
  2998 | D:4      | Reached *** piety under Uskayaw
  3139 | D:4      | Reached **** piety under Uskayaw
  3140 | D:4      | Reached XP level 6. HP: 7/51 MP: 6/6
  3143 | D:4      | HP: 1/51 [orc (4)]
  3144 | D:4      | Slain by an orc

Illustrated notes

Levels and vault maps discovered:
D:1:      dpeg_arrival_chambers_temple_mockup, layout_basic
D:2:      layout_loops_ring
D:3:      layout_loops_corners, minmay_overflow_temple_star_quad
D:4:      layout_basic, mainiacjoe_overflow_cross_hatched,
          mainiacjoe_overflow_brackets, enter_ossuary_5

Skill      XL: |  1  2  3  4  5 |
---------------+----------------+-----
Axes           | 3 4 |  4.7
Shields        | 3 |  3.5
Fighting       | 4 |  4.2
Armour         | |  2.4

Action                   |  1- 3 |  4- 6 || total
-------------------------+-------+-------++-------
Melee: War axe           |   111 |    61 ||   172
       Tailslap          |     5 |     7 ||    12
 Abil: Rolling Charge    |       |     1 ||     1
Evoke: Wand              |     6 |       ||     6
 Stab: Paralysed         |     5 |     1 ||     6
Armor: Scale mail        |    64 |       ||    64
       Chain mail        |    12 |    46 ||    58
Dodge: Dodged            |    47 |    16 ||    63
Block: Buckler           |    23 |    18 ||    41

Table legend: (Time is in decaauts)
 A = Elapsed time spent in this place.
 B = Non-inter-level travel time spent in this place.
 C = Inter-level travel time spent in this place.
 D = Time resting spent in this place.
 E = Time spent auto-exploring this place.
 F = Levels seen in this place.
 G = Mean time per level.
                   A        B        C        D        E       F      G
               +--------+--------+--------+--------+--------+-----+--------+
         Total |   3201 |   3089 |    112 |    111 |   2441 |   4 |  800.2 |
       Dungeon |   3201 |   3089 |    112 |    111 |   2441 |   4 |  800.2 |
               +--------+--------+--------+--------+--------+-----+--------+

Top non-repeatable levels by time:
     D:3: 1123 daAuts
     D:1: 1108 daAuts
     D:2: 680 daAuts
     D:4: 289 daAuts
